 Dungeon Crawl Stone Soup version 0.29.1-14-g9c671dbff4 (webtiles) character file.

Game seed: 7319754437894546942

199417 sankara the Warrior (level 17, -6/156 HPs)
             Began as a Green Draconian Conjurer on Feb 17, 2023.
             Was the Champion of Vehumet.
             Mangled by an entropy weaver (8 damage)
             ... on level 2 of the Lair of Beasts on Feb 18, 2023.
             The game lasted 03:30:00 (37776 turns).

sankara the Warrior (Green Draconian Conjurer)     Turns: 37776, Time: 03:30:00

Health: -6/156     AC:  7    Str:  9    XL:     17   Next: 84%
Magic:  37/44      EV: 16    Int: 36    God:    Vehumet [******]
Gold:   4456       SH:  8    Dex: 11    Spells: 5/45 levels left

rFire   + + +      SeeInvis .   a - +3 Elemental Staff {rElec rF++ rC++ AC+5}
rCold   + + +      Faith    .   M - +3 warlock's mirror {reflect}
rNeg    . . .      Spirit   .   (body armour unavailable)
rPois   +          Reflect  +   (helmet restricted)
rElec   +          Harm     .   r - scarf {rC+ rF+}
rCorr   .          Rampage  .   o - +1 pair of gloves of Kicvar {Drain Dex+2 Slay+4 Stlth+}
Will    +....      Archmagi +   s - +2 pair of boots
Stlth   ++++......              S - amulet "Koutwei" {Regen+ Int+8 Slay+2}
HPRegen 1.16/turn               X - ring of magical power
MPRegen 0.29/turn               t - ring of the Mage {Wiz Archmagi}

@: corroded, slowed, studying Transmutations, very slow
A: breathe noxious fumes, AC +9, unfitting armour, stinger 1, poison resistance,
cold-blooded
}: 1/15 runes: decaying
a: Breathe Noxious Fumes, Renounce Religion


You were on level 2 of the Lair of Beasts.
You worshipped Vehumet.
Vehumet was exalted by your worship.
You visited 6 branches of the dungeon, and saw 28 of its levels.
You also visited: Sewer, Bailey and Gauntlet.

You collected 5315 gold pieces.
You spent 859 gold pieces at shops.

Inventory:

Hand Weapons
 a - the +3 Elemental Staff (weapon) {rElec rF++ rC++ AC+5}
   (You took it off a deep elf pyromancer on level 10 of the Dungeon)

   If the wielder is skilled in Evocations, they can discharge powerful blasts
   of elemental energy when striking with it.
   It enhances your fire, ice, earth and air magic.
   AC:        It affects your AC (+5).
   rF:        It greatly protects you from fire.
   rC:        It greatly protects you from cold.
   rElec:     It insulates you from electricity.
Missiles
 i - 32 poisoned darts (quivered)
 y - 27 boomerangs
 K - 7 curare-tipped darts
 R - 7 atropa-tipped darts
Armour
 o - the +1 pair of gloves of Kicvar (worn) {Drain Dex+2 Slay+4 Stlth+}
   (You acquired it on level 7 of the Dungeon)

   Dex:       It affects your dexterity (+2).
   Slay:      It affects your accuracy & damage with ranged weapons and melee
   (+4).
   Drain:     It drains your maximum health when unequipped.
   Stlth:     It makes you more stealthy.
 r - a scarf of resistance (worn)
 s - a +2 pair of boots (worn)
 M - the +3 warlock's mirror (worn) {reflect}
   (You took it off an orc sorcerer in a bailey)

   It can block and reflect piercing ranged attacks and magical attacks against
   the wielder's willpower.
Jewellery
 j - a ring of fire
 p - a ring of willpower
 t - the ring of the Mage (right hand) {Wiz Archmagi}
   (You acquired it on level 7 of the Dungeon)

   [ring of wizardry]

   It improves your spell success rate.
   Archmagi:  It increases the power of your magical spells.
 w - a ring of flight
 x - an amulet of magic regeneration
 B - a ring of see invisible
 C - a ring of positive energy
 S - the amulet "Koutwei" (around neck) {Regen+ Int+8 Slay+2}
   (You found it in a Gauntlet)

   [amulet of regeneration]

   Int:       It affects your intelligence (+8).
   Slay:      It affects your accuracy & damage with ranged weapons and melee
   (+2).
   Regen:     It increases your rate of health regeneration.
 X - a ring of magical power (left hand)
Wands
 q - a wand of digging (11)
 z - a wand of flame (86)
 H - a wand of iceblast (32)
 P - a wand of paralysis (30)
 T - a wand of acid (26)
 Y - a wand of mindburst (12)
Scrolls
 d - 5 scrolls of poison
 f - 2 scrolls of silence
 g - a scroll of enchant weapon
 h - 8 scrolls of teleportation
 u - 4 scrolls of magic mapping
 E - 4 scrolls of fear
 J - 6 scrolls of blinking
 N - 2 scrolls of butterflies
 O - 10 scrolls of identify
 U - 3 scrolls of enchant armour
Potions
 c - 8 potions of resistance
 e - 7 potions of curing
 k - 3 potions of haste
 l - 6 potions of heal wounds
 m - 8 potions of flight
 n - 3 potions of cancellation
 v - 4 potions of might
 D - 7 potions of brilliance
 F - 3 potions of lignification
 G - 2 potions of mutation
 I - 5 potions of ambrosia
 L - 2 potions of berserk rage
 V - 3 potions of magic
Miscellaneous
 b - a phantom mirror


   Skills:
 + Level 15.2 Fighting
 + Level 5.2 Staves
 + Level 12.5 Dodging
 - Level 6.0 Stealth
 - Level 5.0 Shields
 * Level 14.8 Spellcasting
 - Level 13.0 Conjurations
 - Level 3.0 Hexes
 - Level 6.0 Summonings
 - Level 3.0 Fire Magic
 - Level 7.0 Ice Magic
 + Level 8.1 Air Magic
 - Level 3.0 Earth Magic
 - Level 5.0 Evocations


You had 5 spell levels left.
You knew the following spells:

 Your Spells              Type           Power      Damage    Failure   Level
a - Airstrike             Air            56%        2d(9-25)  1%          4
b - Lightning Bolt        Conj/Air       62%        1d85      1%          5
c - Freezing Cloud        Conj/Ice/Air   71%        6-21      1%          5
d - Fulminant Prism       Conj/Hex       45%        3d21      1%          4
e - Iskenderun's Mystic   Conj/Tloc      84%        2d17      1%          4
f - Foxfire               Conj/Fire      100%       2x1d9     1%          1
g - Flame Wave            Conj/Fire      100%       2d21      1%          4
h - Iron Shot             Conj/Erth      56%        9d11      1%          6
i - Spellforged Servitor  Conj/Summ      48%        N/A       3%          7

Your spell library contained the following spells:

 Spells                   Type           Power      Damage    Failure   Level
 Fireball                 Conj/Fire      56%        3d22      1%          5
 Magic Dart               Conj           100%       1d8       0%          1
 Searing Ray              Conj           100%       2d8       0%          2
 Apportation              Tloc           80%        N/A       1%          1
 Necrotise                Necr           100%       1d9       1%          1
 Summon Small Mammal      Summ           100%       N/A       1%          1
 Scorch                   Fire           100%       2d10      1%          2
 Call Canine Familiar     Summ           81%        N/A       1%          3
 Dazzling Flash           Conj/Hex       100%       N/A       1%          3
 Inner Flame              Hex/Fire       83%        N/A       1%          3
 Portal Projectile        Hex/Tloc       100%       N/A       1%          3
 Stone Arrow              Conj/Erth      100%       3d13      1%          3
 Tukima's Dance           Hex            64%        N/A       1%          3
 Silence                  Hex/Air        50%        N/A       1%          5
 Cause Fear               Hex            32%        N/A       2%          4
 Leda's Liquefaction      Hex/Erth       41%        N/A       2%          4
 Yara's Violent Unravell  Hex/Tmut       27%        3d12      3%          5
 Passage of Golubria      Tloc           40%        N/A       8%          4
 Agony                    Necr           40%        N/A       21%         5
 Alistair's Intoxication  Tmut/Pois      26%        N/A       21%         5
 Blade Hands              Tmut           20%        N/A       21%         5
 Summon Cactus Giant      Summ           40%        N/A       10%         6
 Lehudib's Crystal Spear  Conj/Erth      56%        10d13     38%         8
 Malign Gateway           Summ/Tloc      32%        N/A       85%         7
 Summon Horrible Things   Summ           40%        N/A       98%         8
 Dragon Form              Tmut           20%        N/A       99%         7
 Discord                  Hex            32%        N/A       100%        8
 Dragon's Call            Summ           40%        N/A       100%        9
 Animate Armour           Summ/Erth      Unusable   N/A       N/A         4

Dungeon Overview and Level Annotations

Branches:
Dungeon (15/15)            Temple (1/1) D:6            Lair (5/5) D:8
  Swamp (4/4) Lair:2       Spider (1/4) Lair:2        Slime (0/5) Lair:5
    Orc (2/2) D:11            Elf (0/3) Orc:2        Vaults (0/5) D:13
 Depths (0/4) D:15          Sewer (visited)          Bailey (visited)
Gauntlet (visited)

Altars:
Ashenzari
Cheibriados
Dithmenos
Elyvilon
Fedhas
Gozag
Hepliaklqana
Kikubaaqudgha
Makhleb
Nemelex Xobeh
Okawaru
Qazlal
Ru
Sif Muna
Trog
Uskayaw
Vehumet
Wu Jian
Xom
Yredelemnul
Zin
The Shining One
Jiyva

Shops:
D:6 (   D:7 ?   Orc:2 ([*=

Portals:
Abyss: Swamp:3

Annotations:
Swamp:3 2 transporters, Sapher's ghost, journeyman MeEE
Spider:1 Josephine


Innate Abilities, Weirdness & Mutations

You can breathe blasts of noxious fumes.
Your lurid green scales are hard. (AC +9)
You cannot fit into any form of body armour.
Your tail ends in a venomous barb.
Your system is resistant to poisons. (rPois)
You are cold-blooded and may be slowed by cold attacks.


Message History

You kill the redback!
Vehumet accepts your kill.
You feel your power returning.
The redback is engulfed in freezing vapours.
You kill the redback!
Vehumet accepts your kill.
You feel your power returning.
The entropy weaver is engulfed in freezing vapours.
The entropy weaver hits you but does no damage.
The entropy weaver hits you!
* * * LOW HITPOINT WARNING * * *
You block the entropy weaver's attack. The entropy weaver hits you!
* * * LOW HITPOINT WARNING * * *
The wraith is engulfed in freezing vapours.
The wraith hits you.
* * * LOW HITPOINT WARNING * * *
The wraith drains your vigour!
You feel as though you will be slow longer.
The entropy weaver is engulfed in freezing vapours.
The entropy weaver closely misses you. The entropy weaver misses you.
The entropy weaver hits you but does no damage.
The entropy weaver hits you.
* * * LOW HITPOINT WARNING * * *
The redback is engulfed in freezing vapours.
The redback bites you but does no damage.
The wraith is engulfed in freezing vapours.
The wraith hits you but does no damage.
The entropy weaver is engulfed in freezing vapours.
The entropy weaver completely misses you.
The entropy weaver hits you!
* * * LOW HITPOINT WARNING * * *
The entropy weaver hits you.
* * * LOW HITPOINT WARNING * * *
The entropy weaver misses you.
The entropy weaver is engulfed in freezing vapours.
The entropy weaver hits you.
* * * LOW HITPOINT WARNING * * *
The entropy weaver closely misses you. The entropy weaver barely misses you.
The entropy weaver hits you!
You die...

.## #P......#
##.............. .P#
##......##
#PP...........# .##
##.##^..##
##............. ..#
#####^.^###
#......P.###.. ..##
#^^...# #.......♣≈≈♣♣.
...##
##^...#####....♣♣§§§§♣.
....#
#.....##.....♣♣§§§§§≈≈
#...##
##.9B§W#....♣≈≈§~§§§≈≈
#....#
##^§@B#....≈♣≈≈≈~§§§≈
##...##
##s§§#......♣≈≈~≈≈♣.
##...####
###§#.......≈≈~≈♣..
##...#.#
###..........#♣♣#
#.....### ##P..[....#.#
###.....# ##......####
##....#### #......##
#.......### ##......#
####......####.......#


You could see 2 entropy weavers, a wraith, a redback and a friendly spellforged
servitor (summoned).

Vanquished Creatures
  2 thorn hunters
  A fenstrider witch (Swamp:4)
  An orc warlord (Orc:2)
  A juggernaut zombie (D:15)
  6 eleionomae
  A minotaur (Gauntlet)
  An entropy weaver (Lair:2)
  2 bunyips (Swamp:4)
  The ghost of p0werm0de the Cleaver, a journeyman PaCK of Xom (D:12)
  A fire dragon (Lair:5)
  A yaktaur captain (D:12)
  2 ghost crabs
  A catoblepas (Lair:3)
  2 boulder beetles
  12 hydras
  8 alligators
  6 nameless horrors
  2 dancing weapons (D:13)
  3 two-headed ogres
  7 death yaks
  A tengu warrior (D:15)
  2 orc high priests
  Sonja (Lair:3)
  8 spriggans
  A soul eater (Gauntlet)
  4 skeletal warriors (D:15)
  A pharaoh ant (Spider:1)
  A fire crab (Gauntlet)
  A flayed ghost (D:15)
  4 goliath frogs
  2 spriggan druids
  A wizard (D:15)
  An obsidian statue (D:12)
  2 bog bodies (Swamp:3)
  Pikel (D:4)
  3 lindwurms
  5 swamp dragons
  2 necromancers
  3 orc knights
  A deep elf pyromancer (D:10)
  6 orc sorcerers
  2 will-o-the-wisps
  3 wolf spiders
  10 ugly things (D:14)
  A centaur zombie (D:14)
  A fire giant skeleton (D:15)
  3 cyclopes
  7 elephants
  4 black mambas
  An eye of devastation (Gauntlet)
  A torpor snail (Lair:4)
  3 gargoyles (D:10)
  4 cane toads
  3 molten gargoyles (Lair:5)
  Maggie (D:7)
  9 komodo dragons
  An ice devil (D:10)
  4 rime drakes
  A polar bear (Lair:2)
  3 tyrant leeches
  5 trolls
  2 meliai (Gauntlet)
  A bloated husk (Swamp:4)
  A tarantella (Spider:1)
  4 hornets
  A raiju (D:10)
  3 blink frogs (Lair:4)
  6 slime creatures (D:13)
  7 dream sheep (Lair:5)
  7 jumping spiders
  61 yaks
  4 wraiths
  3 water elementals (D:14)
  3 shadows
  2 vampires
  2 fire bats (Gauntlet)
  10 wyverns
  A culicivora (Spider:1)
  6 redbacks
  6 basilisks
  A golden eye (Gauntlet)
  6 steam dragons
  7 vampire mosquitoes
  21 swamp worms
  2 wargs
  10 water moccasins
  2 acid dragons
  6 swamp drakes (Swamp:4)
  6 hell hounds
  30 orc warriors
  A sky beast (D:7)
  A black bear (D:5)
  2 ogres
  18 wolves
  11 centaurs
  4 lemures (D:4)
  2 necrophages
  12 bullfrogs
  A gnoll sergeant (D:10)
  4 scorpions
  5 wights (D:8)
  6 howler monkeys
  10 electric eels
  5 lava snakes (Lair:5)
  A quasit (D:6)
  4 jellies
  Crazy Yiuf (D:5)
  20 orc priests
  A gnoll bouda (D:4)
  6 hounds
  4 iguanas
  24 orc wizards
  8 hell rats
  10 gnolls
  7 adders
  2 river rats (Sewer)
  5 shadow imps
  A white imp (D:5)
  An ufetubus (D:4)
  3 worms
  4 dart slugs
  75 orcs
  3 bats (D:1)
  8 endoplasms
  4 giant cockroaches
  12 goblins
  12 hobgoblins
  4 jackals (D:2)
  5 kobolds
  3 quokkas
  6 ball pythons
  2 frilled lizards
  2 goblin skeletons (D:6)
  A goblin zombie (D:6)
  2 hobgoblin zombies (D:6)
  A kobold skeleton (D:6)
  An orc skeleton (D:6)
  2 orc zombies (D:6)
  12 rats
  16 briar patches
  A foxfire (D:10)
  A fulminant prism (Orc:2)
757 creatures vanquished.

Vanquished Creatures (collateral kills)
  A tentacled monstrosity (Swamp:4)
  3 thorn hunters (Swamp:4)
  An orc warlord (Orc:2)
  The ghost of 00Nightcrawler the Fighter, a journeyman VSTm of Dithmenos (D:13)
  A bunyip (Swamp:4)
  A shambling mangrove (Swamp:2)
  6 hydras
  A boulder beetle (D:11)
  4 alligators
  3 centaur warriors
  2 orc high priests (Orc:2)
  A tengu warrior (D:14)
  4 spriggans
  A goliath frog (Swamp:1)
  2 skeletal warriors (D:15)
  6 swamp dragons (Swamp:4)
  A bog body (Swamp:4)
  A lindwurm (Swamp:4)
  A spriggan druid (Swamp:4)
  3 orc knights
  2 deep elf pyromancers
  A stone giant zombie (D:15)
  A fire giant zombie (D:15)
  An orc sorcerer (Orc:2)
  6 ugly things (D:14)
  2 cyclopes
  2 centaur zombies (D:14)
  A nameless horror (Orc:2)
  A demonic crawler (Spider:1)
  A meliai (Gauntlet)
  8 hornets
  A bloated husk (Swamp:3)
  2 harpy skeletons (D:14)
  A tarantella (Spider:1)
  8 tyrant leeches
  A water elemental (D:14)
  5 yaks (D:11)
  A fire bat (Gauntlet)
  A vampire mosquito (Swamp:3)
  5 swamp worms
  2 wargs (Orc:1)
  2 swamp drakes (Swamp:4)
  22 orc warriors
  5 orc priests
  6 orc wizards
  16 orcs
148 creatures vanquished.

Vanquished Creatures (others)
  A goliath frog (Swamp:1)
  3 bloated husks
  A shadow imp (D:7)
  81 foxfires
  279 fulminant prisms
  92 fungi
  22 plants
479 creatures vanquished.

Grand Total: 1384 creatures vanquished

Notes
Turn   | Place    | Note
-------+----------+-------------------------------------------
     0 | D:1      | sankara the Draconian Conjurer began the quest for the Orb.
     0 | D:1      | Reached XP level 1. HP: 14/14 MP: 3/3
   240 | D:1      | Reached XP level 2. HP: 20/20 MP: 0/5
   438 | D:1      | Found a faded altar of an unknown god.
  1275 | D:2      | Reached XP level 3. HP: 26/26 MP: 2/6
  1911 | D:2      | Learned a level 2 spell: Searing Ray
  2619 | D:3      | Identified the +3 plate armour of Dramatic Exits {Will++
                  | Regen+ Str-5}
  2740 | D:3      | Reached XP level 4. HP: 33/33 MP: 3/7
  2853 | D:3      | Learned a level 3 spell: Dazzling Flash
  3086 | D:3      | Identified the ring "Huukhloj" {Ice Str+6}
  3658 | D:3      | Reached skill level 5 in Conjurations
  3896 | D:4      | Noticed a necrophage
  3971 | D:4      | Reached XP level 5. HP: 38/38 MP: 7/9
  4375 | D:4      | Found a broken altar of Ashenzari.
  4382 | D:4      | Noticed a lemure
  4382 | D:4      | Noticed a lemure
  4419 | D:4      | Killed a lemure
  4592 | D:4      | Noticed an ogre
  4603 | D:4      | Killed an ogre
  4604 | D:4      | Reached XP level 6. HP: 45/45 MP: 10/10
  4926 | D:4      | Noticed Pikel
  5302 | D:3      | Learned a level 4 spell: Fulminant Prism
  5641 | D:4      | Your scales start taking on a lurid green colour.
  5641 | D:4      | Reached XP level 7. HP: 50/50 MP: 12/12
  5641 | D:4      | Gained mutation: Your system is resistant to poisons.
                  | (rPois) [Green Draconian growth]
  5773 | D:4      | Killed Pikel
  5774 | D:4      | Reached skill level 1 in Hexes
  6020 | D:4      | Reached XP level 8. HP: 57/57 MP: 14/14
  6170 | D:4      | Found a hazy altar of Hepliaklqana.
  6262 | D:5      | Entered Level 5 of the Dungeon
  6753 | D:5      | Identified the +7 chain mail of the Exceptional God {rElec}
  7080 | D:5      | Found a runed translucent door.
  7081 | D:5      | Noticed Crazy Yiuf
  7560 | D:5      | Killed Crazy Yiuf
  7662 | D:6      | Found a glowing golden altar of the Shining One.
  8005 | D:6      | Found a staircase to the Ecumenical Temple.
  8012 | Temple   | Entered the Ecumenical Temple
  8089 | D:6      | Reached skill level 5 in Stealth
  8144 | D:6      | Found a glowing drain.
  8154 | Sewer    | Entered a sewer
  8203 | Sewer    | Learned a level 4 spell: Iskenderun's Mystic Blast
  8517 | Temple   | Became a worshipper of Vehumet
  8679 | D:6      | Reached skill level 5 in Spellcasting
  8679 | D:6      | Reached XP level 9. HP: 62/62 MP: 16/16
  8756 | D:6      | Found Quettuim's Antique Weapon Shop.
  9140 | D:7      | Found a basalt altar of Yredelemnul.
  9193 | D:7      | Noticed Maggie
  9210 | D:7      | Killed Maggie
  9211 | D:7      | Reached skill level 5 in Dodging
  9347 | D:6      | Reached skill level 10 in Fighting
  9347 | D:6      | Reached XP level 10. HP: 93/93 MP: 17/17
  9422 | D:7      | Found Ughasoh's Magic Scroll Shop.
 10253 | D:7      | Bought a scroll of identify for 20 gold pieces
 10384 | D:8      | Found a flagged portal.
 10400 | Bailey   | Entered a bailey
 10502 | Bailey   | Reached * piety under Vehumet
 10502 | Bailey   | Offered knowledge of Foxfire by Vehumet.
 10663 | Bailey   | Learned a level 1 spell: Foxfire
 10832 | Bailey   | Noticed an orc high priest
 10841 | Bailey   | Killed an orc high priest
 10906 | Bailey   | Noticed an orc sorcerer
 10915 | Bailey   | Killed an orc sorcerer
 11081 | Bailey   | Reached skill level 11 in Fighting
 11081 | Bailey   | Reached XP level 11. HP: 102/102 MP: 20/20
 11183 | Bailey   | Identified the +4 falchion "Yphepn" {vorpal, *Corrode Int+4
                  | Dex+7}
 11266 | Bailey   | Identified the +1 ring mail of Untold Secrets {rF+ Will+
                  | MP+9}
 11303 | Bailey   | Found an iron altar of Okawaru.
 11763 | D:7      | Acquired the +1 pair of gloves of Kicvar {Drain Dex+2
                  | Slay+4 Stlth+}
 11776 | D:7      | Acquired the ring of the Mage {Wiz Archmagi}
 11776 | D:7      | Found the ring of the Mage {Wiz Archmagi}
 11780 | D:7      | Acquired 503 gold pieces
 11795 | D:8      | Noticed a death yak
 11797 | D:8      | Noticed a death yak
 11797 | D:8      | Noticed a death yak
 11870 | D:8      | Reached skill level 10 in Conjurations
 12021 | D:8      | Reached XP level 12. HP: 76/110 MP: 2/21
 12267 | D:8      | Reached ** piety under Vehumet
 12267 | D:8      | Offered knowledge of Shock by Vehumet.
 12274 | D:8      | Killed a death yak
 12274 | D:8      | Killed a death yak
 12275 | D:8      | Reached skill level 5 in Shields
 12277 | D:8      | Killed a death yak
 12510 | D:8      | Found a staircase to the Lair.
 13528 | D:9      | Learned a level 4 spell: Flame Wave
 13817 | D:10     | Entered Level 10 of the Dungeon
 13827 | D:10     | Reached skill level 1 in Evocations
 14425 | D:10     | Noticed a two-headed ogre
 14430 | D:10     | Killed a two-headed ogre
 14946 | D:10     | Found an opulent altar of Gozag.
 15007 | D:10     | Offered knowledge of Ignite Poison by Vehumet.
 15010 | D:10     | Reached skill level 12 in Fighting
 15169 | D:10     | Noticed a two-headed ogre
 15176 | D:10     | Killed a two-headed ogre
 15366 | Lair:1   | Entered Level 1 of the Lair of Beasts
 15373 | Lair:1   | Reached *** piety under Vehumet
 15398 | Lair:1   | Noticed a boulder beetle
 15412 | Lair:1   | Killed a boulder beetle
 16199 | Lair:1   | Reached XP level 13. HP: 118/118 MP: 12/24
 16755 | Lair:2   | Learned a level 6 spell: Iron Shot
 16788 | Lair:2   | Offered knowledge of Airstrike by Vehumet.
 16957 | Lair:2   | Found a staircase to the Swamp.
 17005 | Lair:1   | Learned a level 4 spell: Airstrike
 17041 | Lair:2   | Reached skill level 10 in Dodging
 17045 | Lair:2   | Reached skill level 1 in Air Magic
 17045 | Lair:2   | Reached skill level 1 in Earth Magic
 17397 | Lair:2   | Found a hole to the Spider Nest.
 17954 | Lair:3   | Identified the +1 ring mail of Thoughtfulness {Will+ rCorr
                  | MP+9 Slay-6}
 18090 | Lair:3   | Reached skill level 1 in Fire Magic
 18316 | Lair:3   | Noticed Sonja
 18319 | Lair:3   | Killed Sonja
 18319 | Lair:3   | Reached **** piety under Vehumet
 18381 | Lair:3   | Offered knowledge of Olgreb's Toxic Radiance by Vehumet.
 18937 | Lair:4   | Reached skill level 13 in Fighting
 19138 | Lair:4   | Identified the +6 halberd of Wu Jian's Pride {flame, rElec
                  | MP-9 Dex+2}
 19770 | Lair:5   | Entered Level 5 of the Lair of Beasts
 19770 | Lair:5   | Found a staircase to the Slime Pits.
 19770 | Lair:5   | Found a viscous altar of Jiyva.
 20442 | Lair:5   | Reached skill level 1 in Staves
 20448 | Lair:5   | Reached ***** piety under Vehumet
 20448 | Lair:5   | Offered knowledge of Spellforged Servitor by Vehumet.
 20449 | Lair:5   | Gained mutation: Your tail ends in a venomous barb. [Green
                  | Draconian growth]
 20449 | Lair:5   | Reached XP level 14. HP: 115/129 MP: 12/27
 21520 | Lair:5   | Reached skill level 5 in Air Magic
 21746 | Lair:5   | Found a large runed translucent door.
 21993 | Lair:5   | Found a large runed translucent door.
 22412 | Lair:1   | Reached XP level 15. HP: 136/136 MP: 30/30
 22421 | Lair:1   | Learned a level 7 spell: Spellforged Servitor
 22997 | D:11     | Offered knowledge of Irradiate by Vehumet.
 23043 | D:11     | Found a staircase to the Orcish Mines.
 23061 | D:11     | Reached skill level 1 in Summonings
 23877 | D:11     | Acquired 819 gold pieces
 24211 | Orc:1    | Entered Level 1 of the Orcish Mines
 24653 | Orc:2    | Entered Level 2 of the Orcish Mines
 24699 | Orc:2    | Noticed an orc warlord
 24706 | Orc:2    | Killed an orc warlord
 24915 | Orc:2    | Found a staircase to the Elven Halls.
 25017 | Orc:2    | Reached skill level 14 in Fighting
 25591 | Orc:2    | Offered knowledge of Lightning Bolt by Vehumet.
 25609 | Orc:2    | Noticed an orc warlord
 25613 | Orc:2    | Reached ****** piety under Vehumet
 26195 | Orc:2    | Killed an orc warlord
 26807 | Orc:2    | Found Fuadedae's General Store.
 26808 | Orc:2    | Found Jenturph's Jewellery Shoppe.
 26810 | Orc:2    | Found Nuufruat's Antique Armour Emporium.
 26810 | Orc:2    | Found Mydghofiu's Antique Weapon Emporium.
 26815 | Orc:2    | Bought a scroll of amnesia for 44 gold pieces
 26880 | Orc:2    | Learned a level 5 spell: Lightning Bolt
 27492 | D:12     | Found a runed translucent door.
 27493 | D:12     | Noticed p0werm0de's ghost (journeyman PaCK)
 27501 | D:12     | Killed p0werm0de's ghost
 27504 | D:12     | Identified the ring "Ofored" {rF+ Str+6 Dex-3 Slay+3}
 27736 | D:12     | Reached skill level 5 in Staves
 28198 | D:13     | Offered knowledge of Freezing Cloud by Vehumet.
 28308 | D:13     | Reached XP level 16. HP: 146/146 MP: 31/32
 28400 | D:13     | Found a runed translucent door.
 28401 | D:13     | Noticed 00Nightcrawler's ghost (journeyman VSTm)
 28413 | D:13     | Killed 00Nightcrawler's ghost
 28574 | D:13     | Found a gate to the Vaults.
 29078 | D:13     | Learned a level 5 spell: Freezing Cloud
 29125 | D:14     | Reached skill level 1 in Ice Magic
 29705 | D:14     | Reached skill level 5 in Summonings
 30037 | D:15     | Entered Level 15 of the Dungeon
 30093 | D:15     | Found an ancient bone altar of Kikubaaqudgha.
 30269 | D:15     | Found a staircase to the Depths.
 30415 | D:15     | Found a gate leading to a gauntlet.
 30423 | Gauntlet | Entered a Gauntlet
 30423 | Gauntlet | Found a transporter.
 30505 | Gauntlet | Found a transporter.
 30507 | Gauntlet | Found a transporter.
 30508 | Gauntlet | Found a transporter.
 30512 | Gauntlet | Found a runed translucent door.
 30514 | Gauntlet | Found a runed translucent door.
 30516 | Gauntlet | Found a transporter.
 30519 | Gauntlet | Found a transporter.
 30520 | Gauntlet | Found a transporter.
 30528 | Gauntlet | Found a transporter.
 30531 | Gauntlet | Found a transporter.
 30532 | Gauntlet | Found a transporter.
 30543 | Gauntlet | Found a transporter.
 30543 | Gauntlet | Found a transporter.
 30544 | Gauntlet | Found a transporter.
 30556 | Gauntlet | Found a transporter.
 30561 | Gauntlet | Found a runed translucent door.
 30756 | Gauntlet | Acquired 1243 gold pieces
 31037 | Gauntlet | Identified the amulet "Koutwei" {Regen+ Int+8 Slay+2}
 31776 | Orc:2    | Bought a runed scarf for 168 gold pieces
 31776 | Orc:2    | Bought a runed cloak for 157 gold pieces
 32224 | D:7      | Bought a scroll of butterflies for 40 gold pieces
 32224 | D:7      | Bought a scroll of poison for 40 gold pieces
 32224 | D:7      | Bought a scroll of teleportation for 30 gold pieces
 32224 | D:7      | Bought a scroll of blinking for 75 gold pieces
 32224 | D:7      | Bought a scroll of teleportation for 30 gold pieces
 32224 | D:7      | Bought a scroll of magic mapping for 75 gold pieces
 32224 | D:7      | Bought a scroll of magic mapping for 75 gold pieces
 32224 | D:7      | Bought a scroll of teleportation for 30 gold pieces
 32224 | D:7      | Bought a scroll of enchant armour for 75 gold pieces
 32382 | Swamp:1  | Entered Level 1 of the Swamp
 32386 | Swamp:1  | Noticed a thorn hunter
 32390 | Swamp:1  | Offered knowledge of Ozocubu's Refrigeration by Vehumet.
 32394 | Swamp:1  | Killed a thorn hunter
 32397 | Swamp:1  | Reached skill level 5 in Ice Magic
 32816 | Swamp:1  | Reached skill level 5 in Evocations
 33374 | Swamp:2  | Reached XP level 17. HP: 79/152 MP: 1/34
 34576 | Swamp:3  | Noticed a tentacled monstrosity
 34577 | Swamp:3  | Found a transporter.
 34754 | Swamp:3  | Offered knowledge of Fireball by Vehumet.
 34847 | Swamp:3  | Found a blossoming altar of Fedhas.
 34980 | Swamp:3  | Found a one-way gate to the infinite horrors of the Abyss.
 34986 | Swamp:3  | Found a transporter.
 34998 | Swamp:3  | Noticed Sapher's ghost (journeyman MeEE)
 35542 | Swamp:4  | Entered Level 4 of the Swamp
 35940 | Swamp:4  | Got a decaying rune of Zot
 36583 | Swamp:4  | Reached skill level 15 in Fighting
 36589 | Swamp:4  | Noticed a tentacled monstrosity
 36597 | Swamp:4  | Killed a tentacled monstrosity
 37463 | Spider:1 | Entered Level 1 of the Spider Nest
 37468 | Spider:1 | Noticed Josephine
 37776 | Lair:2   | HP: 6/156 [entropy weaver (4)]
 37776 | Lair:2   | HP: 2/156 [entropy weaver (4)]
 37776 | Lair:2   | Mangled by an entropy weaver

Illustrated notes

Levels and vault maps discovered:
D:1:      mrwooster_arrival_statue_3, layout_basic,
          hellmonk_ecumenical_altar_arch_garden, minmay_misc_feat_encased
D:2:      layout_loops_corners, minmay_misc_feat_five
D:3:      layout_basic
D:4:      layout_layer_cave, mainiacjoe_overflow_catch_the_wave,
          saegor_snake_ambush, uniq_pikel
D:5:      layout_basic, uniq_crazy_yiuf_cottage
D:6:      layout_basic, nicolae_tso_besieged_by_evil, temple_fountains,
          serial_shops, nicolae_diamond_shop, portal_sewer_entry_d
D:7:      layout_loops_cross, general_overflow_altar, serial_shops,
          nicolae_inconvenience_store, uniq_maggie
D:8:      layout_cave_pools, dpeg_lair_monsters, enter_bailey_6,
          kennysheep_cluttered_room
D:9:      nicolae_cairo_tiling_large, layout_gridville
D:10:     layout_gridville, lemuel_doored_altar,
          dilly_guarded_unrand_elemental_staff
D:11:     minmay_inner_zag, layout_loops_ring, minmay_orc_entry_temple_small
D:12:     minmay_statue_hallways, layout_small_grid, ebering_ghost_inner_flame
D:13:     layout_roguey, erik_vaults_1, gammafunk_ghost_grave,
          minmay_misc_feat_pillars
D:14:     layout_cave_pools, nicolae_titane, nicolae_underground_beach
D:15:     gammafunk_depths_entry_grave, layout_rooms, gauntlet_entry_generic,
          nicolae_kikubaaqudgha_miasma_corner
Temple:   nicolae_temple_bog_church
Lair:1:   layout_cave_shapes, grunt_megastairs_4
Lair:2:   layout_hall_layers, swamp_mist_pool, spider_nest_entry_funnel_web,
          grunt_megastairs_5
Lair:3:   layout_gridlike, wad_woods_03, grunt_megastairs_1, uniq_sonja
Lair:4:   layout_loops_ring, serial_bayou_ford_a
Lair:5:   cheibrodos_lair_end_hotspot, layout_cave_pods, slime_entry_1,
          lemuel_fruit_tree
Swamp:1:  layout_basic_swamp, evilmike_swamp_ruin_house_3,
          nicolae_swamp_no_escape
Swamp:2:  layout_basic_swamp, infiniplex_staircase_pool
Swamp:3:  layout_basic_swamp, gammafunk_ghost_abyssal_escape,
          lemuel_altar_in_water, swamp_pool2,
          nicolae_swamp_feature_on_the_river_bank
Swamp:4:  swamp_alternative, layout_basic_swamp, swamp_pool5,
          nicolae_swamp_big_swirl
Spider:1: layout_spider_delve, uniq_josephine
Orc:1:    layout_diamond_mine
Orc:2:    st_orc_congregation, layout_caves, lightli_orcish_oven

Skill      XL: |  1  2  3  4  5  6  7  8  9 10 11 12 13 14 15 16 17 |
---------------+----------------------------------------------------+-----
Stealth        | 2 3 4 5 6 |  6.0
Dodging        | 2 3 4 7 8 9 10 11 12 | 12.5
Conjurations   | 5 6 7 8 9 10 11 12 13 | 13.0
Spellcasting   | 3 4 5 6 7 9 11 12 13 14 | 14.8
Hexes          | 1 3 |  3.0
Fighting       | 10 11 12 13 14 15 | 15.2
Shields        | 4 5 |  5.0
Evocations     | 3 4 5 |  5.0
Air Magic      | 4 5 7 8 |  8.1
Earth Magic    | 3 |  3.0
Fire Magic     | 3 |  3.0
Staves         | 1 3 5 |  5.2
Summonings     | 3 6 |  6.0
Ice Magic      | 5 7 |  7.0

Action                   |  1- 3 |  4- 6 |  7- 9 | 10-12 | 13-15 | 16-18 || total
-------------------------+-------+-------+-------+-------+-------+-------++-------
Melee: Whip              |    16 |       |       |       |       |       ||    16
       Dagger            |     5 |    10 |       |       |       |       ||    15
       Punch             |     1 |       |       |     1 |       |       ||     2
       Staff             |       |       |     1 |     9 |   214 |   115 ||   339
       Tailslap          |       |       |       |     1 |    48 |    22 ||    71
Throw: Dart              |       |     1 |       |    13 |       |       ||    14
       Boomerang         |       |     1 |       |       |       |       ||     1
 Cast: Magic Dart        |    94 |    67 |    73 |    41 |       |       ||   275
       Searing Ray       |     1 |    24 |    41 |    39 |     4 |       ||   109
       Dazzling Flash    |       |     1 |     1 |     3 |     3 |       ||     8
       Fulminant Prism   |       |       |     8 |    76 |   187 |     9 ||   280
       Foxfire           |       |       |       |    28 |    10 |     4 ||    42
       Iskenderun's Myst |       |       |       |     6 |       |     4 ||    10
       Flame Wave        |       |       |       |    20 |    26 |       ||    46
       Airstrike         |       |       |       |       |    72 |     1 ||    73
       Iron Shot         |       |       |       |       |    15 |    25 ||    40
       Lightning Bolt    |       |       |       |       |    30 |    47 ||    77
       Spellforged Servi |       |       |       |       |    29 |    55 ||    84
       Freezing Cloud    |       |       |       |       |       |   166 ||   166
 Abil: Breathe Noxious F |       |       |       |       |     1 |       ||     1
Evoke: Wand              |       |       |       |    11 |     4 |       ||    15
  Use: Scroll            |       |       |    21 |     8 |     6 |     3 ||    38
       Potion            |       |       |     3 |     1 |     1 |     4 ||     9
 Stab: Sleeping          |       |       |       |       |     3 |     1 ||     4
       Distracted        |       |       |       |       |     1 |     2 ||     3
Armor: Skin              |     9 |    16 |     8 |    23 |   111 |   117 ||   284
Dodge: Dodged            |    17 |    41 |    16 |    57 |   173 |   186 ||   490
Block: Buckler           |       |       |       |    33 |   126 |    99 ||   258
       Reflection        |       |       |       |     9 |    19 |    20 ||    48
